AoeStats
← Jok3R

Arabia

507529643Analyzed
1v1 RM · 13d ago on Sep 18, 2026· 68m 10s· 2 players
Game mode
Random Map
Map size
Tiny (2 player)
Population
200
Speed
Normal
Resources
Standard
Victory
Conquest
Starting age
Dark Age
Ending age
Imperial Age
RankedLock teamsTeams togetherTeam positionsShared explorationLock speedFull tech treeHidden civsTurbo modeCheats
Victory
Defeat
🇳🇮 Wei · Nicaragua
750
+17
🇩🇪 Poles · Germany
764
-17
djowyn
9:40 Loom
11:25 Feudal Age
13:12 Wheelbarrow
12:37 Double-Bit Axe
12:34 Horse Collar
21:57 Castle Age
21:22 Forging
21:19 Scale Barding Armor
22:30 Bloodlines
22:16 Gold Mining
22:57 Husbandry
24:35 Bow Saw
24:27 Heavy Plow
27:12 Chain Barding Armor
30:07 Stone Mining
31:02 Iron Casting
30:30 Padded Archer Armor
37:24 Gold Shaft Mining
39:46 Town Watch
41:00 Tuntian
43:37 Imperial Age
43:12 Stone Shaft Mining
44:53 Fletching
46:57 Hoardings
46:45 Conscription
46:40 Heated Shot
47:10 Ballistics
47:41 Murder Holes
51:11 Ballistics
50:28 Heavy Hei Guang Cavalry
52:37 Hand Cart
53:11 Heavy Scorpion
55:51 Chemistry
55:02 Masonry
56:18 Blast Furnace
56:00 Bodkin Arrow
57:34 Devotion
58:21 Scale Mail Armor
58:11 Treadmill Crane
65:51 Leather Archer Armor
Jok3R
8:48 Loom
11:38 Feudal Age
12:13 Double-Bit Axe
14:42 Wheelbarrow
19:07 Castle Age
17:29 Gold Mining
17:46 Fletching
21:00 Bodkin Arrow
21:05 Padded Archer Armor
20:29 Crossbowman
22:23 Thumb Ring
24:22 Bow Saw
24:47 Horse Collar
25:06 Stone Mining
26:12 Leather Archer Armor
28:15 Elite Skirmisher
31:08 Ballistics
39:08 Imperial Age
40:21 Arbalester
42:13 Elite Obuch
48:38 Chemistry
56:25 Bracer
Connection lost

Rejoining the realm…

Still unreachable

The connection could not be restored.

Session expired

The server has moved on; the page needs a fresh start.